 Dungeon Crawl Stone Soup version 0.32-a0-673-g3729bd50f8 (webtiles) character file.

Game seed: 15744053079191456098

245 jboons the Trooper (level 6, 0/40 HPs)
             Began as a Gargoyle Hunter on Mar 11, 2024.
             Slain by Prince Ribbit (8 damage)
             ... on level 5 of the Dungeon.
             The game lasted 00:05:25 (2493 turns).

jboons the Trooper (Gargoyle Hunter)                Turns: 2493, Time: 00:05:26

Health: 0/40       AC:  8    Str: 16    XL:     6   Next: 10%
Magic:  6/6        EV: 11    Int: 10    God:
Gold:   211        SH:  0    Dex: 13    Spells: 5/5 levels left

rFire   . . .        h - +0 flail
rCold   . . .        (no shield)
rNeg    + . .        c - +0 leather armour
rPois   ∞            (no helmet)
rElec   +            (no cloak)
rCorr   .            b - +0 pair of gloves
SInv    .            (no boots)
Will    .....        (no amulet)
Stlth   +            (no ring)
HPRegen 0.26/turn    (no ring)
MPRegen 0.10/turn

%: no passive effects
@: no status effects
A: sickness immunity, AC +4, negative energy resistance 1, electricity
resistance, torment resistance 1, petrification resistance
a: no special abilities


You were on level 5 of the Dungeon.
You visited 2 branches of the dungeon, and saw 6 of its levels.

You collected 211 gold pieces.

Inventory:

Hand Weapons
 a - a +0 shortbow
 e - a +0 spear
 h - a +0 flail (weapon)
Armour
 b - a +0 pair of gloves (worn)
 c - a +0 leather armour (worn)
 g - a +0 kite shield
Scrolls
 d - a scroll of identify


   Skills:
 - Level 5.0 Fighting
 + Level 4.0 Maces & Flails
 - Level 4.0 Ranged Weapons
 - Level 1.5 Dodging
 - Level 1.1 Stealth


You had 5 spell levels left.
You didn't know any spells.
Your spell library contained the following spells:

 Spells                   Type           Power      Damage    Failure   Level
 Ensorcelled Hibernation  Hex/Ice        0%         N/A       56%         2
 Fugue of the Fallen      Necr           0%         N/A       80%         3
 Hailstorm                Conj/Ice       0%         3d5       80%         3
 Passwall                 Erth           0%         N/A       80%         3
 Summon Ice Beast         Ice/Summ       0%         N/A       80%         3
 Swiftness                Air            0%         N/A       80%         3
 Anguish                  Hex/Necr       0%         N/A       99%         4
 Petrify                  Alch/Erth      0%         N/A       99%         4
 Irradiate                Conj/Alch      0%         3d11      100%        5
 Sculpt Simulacrum        Ice/Alch       0%         N/A       100%        6
 Sublimation of Blood     Necr           Unusable   N/A       N/A         2

Dungeon Overview and Level Annotations

Branches:
Dungeon (5/15)             Temple (1/1) D:5

Altars:
Dithmenos
Fedhas
Hepliaklqana
Nemelex Xobeh
Okawaru
Sif Muna
Uskayaw
Vehumet
Wu Jian
Xom
Yredelemnul
The Shining One

Annotations:
D:3 1 runed translucent door, Crazy Yiuf
D:4 Sigmund
D:5 Prince Ribbit


Innate Abilities, Weirdness & Mutations

You are immune to sickness and miasma.
Your stone body is resilient. (AC +4)
You are immune to poison.
You resist negative energy. (rN+)
You are resistant to electric shocks. (rElec)
You are resistant to unholy torment.
You are immune to petrification.


Message History

You closely miss Prince Ribbit.
Prince Ribbit is moderately wounded.
Prince Ribbit hits you but does no damage.
The adder closely misses you.
Prince Ribbit blinks!
You barely miss the adder. The adder barely misses you.
You barely miss Prince Ribbit.
Prince Ribbit is moderately wounded.
Prince Ribbit hits you! Prince Ribbit hits you.
You barely miss Prince Ribbit.
Prince Ribbit is moderately wounded.
Prince Ribbit hits you but does no damage.
The adder completely misses you. Prince Ribbit closely misses you.
You sock Prince Ribbit!
Prince Ribbit is heavily wounded.
The adder bites you but does no damage.
Prince Ribbit blinks!
The adder bites you but does no damage.
You sock the adder!
The adder is almost dead.
The adder barely misses you.
You sock the adder!
You kill the adder!
Your Maces & Flails skill increases to level 4!
Okay, then.
You aren't carrying any potions.
You hear the slow rusting of a very distant drain.
Prince Ribbit catches a moth with his tongue.
Prince Ribbit misses you.
You closely miss Prince Ribbit.
Prince Ribbit is heavily wounded.
Prince Ribbit hits you!
* * * LOW HITPOINT WARNING * * *
Unknown command.
Unknown command.
You closely miss Prince Ribbit.
Prince Ribbit is heavily wounded.
Prince Ribbit lets out a mournful croak.
Prince Ribbit hits you.
* * * LOW HITPOINT WARNING * * *
Prince Ribbit hits you!
You die...

.#..#.<###.## ...
###....##..# #..##
#........####...#
#.....######.....
##.....###.....###
.........#.##.## ##
....##.........##.##
.#......####.......#..#
....##.## #..#.F@...#
.....#.##...###.........
...#........ #..####..#
.## ##.###.. ..## . .
#.# ..# ..#. . ..# ... (
.... .. ...## #.


You could see Prince Ribbit.

Vanquished Creatures
  A scorpion (D:5)
  Natasha (D:2)
  Robin (D:3)
  3 gnolls (D:2)
  5 adders
  2 dart slugs (D:1)
  2 ribbon worms
  An orc (D:5)
  7 endoplasms
  4 giant cockroaches
  13 goblins
  9 hobgoblins
  4 quokkas
  2 ball pythons (D:1)
  2 bats (D:1)
  3 frilled lizards (D:1)
  3 kobolds
  6 rats
69 creatures vanquished.

Notes
Turn   | Place    | Note
-------+----------+-------------------------------------------
     0 | D:1      | jboons the Gargoyle Hunter began the quest for the Orb.
     0 | D:1      | Reached XP level 1. HP: 12/12 MP: 1/1
    68 | D:1      | Reached XP level 2. HP: 18/18 MP: 2/2
    80 | D:1      | Reached skill level 3 in Fighting
   446 | D:1      | Reached XP level 3. HP: 24/24 MP: 3/3
   860 | D:2      | Reached skill level 4 in Fighting
  1101 | D:2      | Reached XP level 4. HP: 20/30 MP: 4/4
  1206 | D:2      | Found a faded altar of an unknown god.
  1591 | D:3      | Noticed Natasha
  1591 | D:3      | Noticed Robin
  1606 | D:2      | Killed Natasha
  1607 | D:2      | Reached skill level 5 in Fighting
  1607 | D:2      | Reached skill level 1 in Maces & Flails
  1830 | D:3      | Reached XP level 5. HP: 34/35 MP: 5/5
  1849 | D:3      | Found a runed translucent door.
  1850 | D:3      | Noticed Crazy Yiuf
  2014 | D:3      | Killed Robin
  2258 | D:4      | Noticed Sigmund
  2258 | D:4      | Noticed an ogre
  2384 | D:4      | Noticed an ogre
  2399 | D:5      | Entered Level 5 of the Dungeon
  2399 | D:5      | Noticed an orc warrior
  2411 | D:5      | Noticed Prince Ribbit
  2451 | D:5      | Found a staircase to the Ecumenical Temple.
  2461 | Temple   | Entered the Ecumenical Temple
  2479 | D:5      | Reached XP level 6. HP: 39/40 MP: 6/6
  2493 | D:5      | Slain by Prince Ribbit

Illustrated notes

Levels and vault maps discovered:
D:1:      amcnicky_arrival_flooded_fountain, layout_basic, serial_glass,
          glass_columns_a, glass_columns_c
D:2:      layout_basic, dreamdust_ecumenical_altar_grove
D:3:      layout_rooms, uniq_crazy_yiuf_cottage, uniq_natasha, uniq_robin
D:4:      layout_basic, uniq_sigmund
D:5:      layout_rooms, minmay_temple_entry_wispy, portal_sewer_entry_b,
          uniq_prince_ribbit1
Temple:   hellmonk_temple_two_chambers

Skill      XL: |  1  2  3  4  5  6 |
---------------+-------------------+-----
Fighting       | 3 4 5 |  5.0
Maces & Flails | 2 3 4 |  4.0
Ranged Weapons | |  4.0
Dodging        | |  1.5
Stealth        | |  1.1

Action                     |  1- 3 |  4- 6 || total
---------------------------+-------+-------++-------
  Melee: Flail             |       |    73 ||    73
   Fire: Shortbow          |   132 |    86 ||   218
    Use: Scroll            |     3 |     5 ||     8
         Potion            |     1 |     1 ||     2
 Armour: Leather armour    |    42 |   119 ||   161
  Dodge: Dodged            |    36 |   107 ||   143

Table legend: (Time is in decaauts)
 A = Elapsed time spent in this place.
 B = Non-inter-level travel time spent in this place.
 C = Inter-level travel time spent in this place.
 D = Time resting spent in this place.
 E = Time spent auto-exploring this place.
 F = Levels seen in this place.
 G = Mean time per level.
                   A        B        C        D        E       F      G
               +--------+--------+--------+--------+--------+-----+--------+
         Total |   2567 |   2386 |    181 |     53 |   1715 |   6 |  427.8 |
       Dungeon |   2554 |   2373 |    181 |     53 |   1715 |   5 |  510.8 |
        Temple |     13 |     13 |      0 |      0 |      0 |   1 |   13.0 |
               +--------+--------+--------+--------+--------+-----+--------+

Top non-repeatable levels by time:
     D:2: 980 daAuts
     D:1: 729 daAuts
     D:3: 620 daAuts
     D:4: 135 daAuts
     D:5: 88 daAuts
  Temple: 13 daAuts
